 Dungeon Crawl Stone Soup version 0.22.0-27-ga576289 (webtiles) character file.

201 Monsterracer the Skirmisher (level 5, -1/46 HPs)
             Began as a Minotaur Fire Elementalist on Aug 21, 2018.
             Slain by a centaur (7 damage)
             ... on level 4 of the Dungeon.
             The game lasted 00:04:39 (3217 turns).

Monsterracer the Skirmisher (MiFE)                  Turns: 3217, Time: 00:04:40

Health: -1/46      AC:  5    Str: 17 (18) XL:     5   Next: 50%
Magic:  6/6        EV: 13    Int: 10 (12) God:
Gold:   92         SH:  0    Dex:  8 (11) Spells: 5/6 levels left

rFire    . . .     SeeInvis .   l - +0 flail
rCold    . . .     Gourm    .   (no shield)
rNeg     . . .     Faith    .   e - +0 ring mail
rPois    .         Spirit   .   (helmet restricted)
rElec    .         Reflect  .   (no cloak)
rCorr    .         Harm     .   (no gloves)
MR       .....                  (no boots)
Stlth    +.........             (no amulet)
HPRegen  0.15/turn              n - +2 ring of evasion
MPRegen  0.10/turn              g - +5 ring of strength

@: no status effects
A: retaliatory headbutt, horns 2
a: no special abilities


You were on level 4 of the Dungeon.
You were not hungry.

You visited 1 branch of the dungeon, and saw 4 of its levels.

You collected 92 gold pieces.

Inventory:

Hand Weapons
 l - a +0 flail (weapon)
Armour
 e - a +0 ring mail (worn)
Jewellery
 b - an uncursed ring of protection from magic {!d}
 g - a +5 ring of strength (right hand)
 n - a +2 ring of evasion (left hand)
Scrolls
 h - a scroll of remove curse
Potions
 i - a potion of curing
 j - a potion of cancellation
Comestibles
 c - 6 rations


   Skills:
 + Level 4.0 Fighting
 * Level 3.4 Maces & Flails
   Level 3.0 Polearms
 - Level 2.1 Dodging
 - Level 1.5 Stealth
 - Level 1.3 Spellcasting
 - Level 0.6 Conjurations
 - Level 2.1 Fire Magic


You had 5 spell levels left.
You knew the following spells:

 Your Spells              Type           Power        Failure   Level  Hunger
a - Flame Tongue          Conj/Fire      #....        34%         1    ##.....

Your spell library contained the following spells:

 Spells                   Type           Power        Failure   Level  Hunger
 Throw Flame              Conj/Fire      #.....       47%         2    ###....
 Conjure Flame            Conj/Fire      #.......     71%         3    ####...
 Inner Flame              Hex/Fire       #.......     75%         3    ####...
 Sticky Flame             Conj/Fire      #.......     98%         4    #####..
 Fireball                 Conj/Fire      #.........   100%        5    ######.


Dungeon Overview and Level Annotations

Branches:
Dungeon (4/15)
 Temple: D:4-7

Altars:
Ru
Zin


Innate Abilities, Weirdness & Mutations

You reflexively headbutt those who attack you in melee.
You have a pair of horns on your head.


Message History

You enter the shallow water.
Moving in this stuff is going to be slow.
You enter the shallow water.
Moving in this stuff is going to be slow.
There is a stone staircase leading up here.
You see here a stone.
There is a stone staircase leading down here.
You climb downwards.
A worker ant comes into view.
The worker ant twitches its antennae in your direction.
Found a ring mail.
There is a stone staircase leading up here.
A worker ant is nearby!
As you read the scroll labeled KUSYKKAFREN, it crumbles to dust.
It is a scroll of identify.
i - a potion of curing Put on which piece of jewellery? (? for menu, Esc to quit)
You're wearing all the rings you can.
Remove which one? (? for menu, Esc to cancel) < or
g - a +5 ring of strength > or
b - a ring of protection from magic {!d} You remove your +5 ring of strength.
You feel weaker.
n - a +2 ring of evasion (left hand) Put on which piece of jewellery? (? for menu, Esc to quit)
You're wearing all the rings you can.
Remove which one? (? for menu, Esc to cancel) < or
n - a +2 ring of evasion > or
b - a ring of protection from magic {!d} You remove your ring of protection from magic {!d}.
You feel stronger.
g - a +5 ring of strength (right hand)
As you read the scroll of identify, it crumbles to dust.
j - a potion of cancellation Sorry, you're not good enough to have a special ability.
You hit the worker ant.
The worker ant is heavily wounded.
The worker ant barely misses you.
The worker ant bites you but does no damage.
You barely miss the worker ant.
The worker ant is heavily wounded.
The worker ant barely misses you.
You barely miss the worker ant. Your headbutt misses the worker ant.
The worker ant is heavily wounded.
The worker ant closely misses you. The worker ant misses you.
You furiously retaliate!
You headbutt the worker ant. You barely miss the worker ant.
You headbutt the worker ant!
You kill the worker ant!
Your Fighting skill increases to level 4!
As you read the scroll labeled OPNONU TIHOH, it crumbles to dust.
You feel strangely unstable.
It was a scroll of teleportation.
As you read the scroll labeled POBREPTUKAO, it crumbles to dust.
The air around you briefly surges with heat, but it dissipates.
It was a scroll of immolation.
As you read the scroll labeled SOCUAMUITO, it crumbles to dust.
Your ears itch!
It was a scroll of random uselessness.
Your surroundings suddenly seem different.
A centaur comes into view.
The centaur shouts!
You hear a bark!
The centaur wields a glowing shortbow.
It bursts into flame!
The centaur shoots an arrow.
The arrow hits you but does no damage.
A frilled lizard comes into view.
Found five items.
Found a stone staircase leading up.
As you read the scroll labeled UTROAT SAVUB, it crumbles to dust.
You feel blessed for a moment.
It was a scroll of remove curse.
The centaur shoots an arrow.
The arrow hits you! The arrow burns you.
You take 19 damage, and have 27/46 hp.
MASSIVE DAMAGE!!
The centaur shoots an arrow.
The arrow closely misses you.
Found 12 gold pieces and a ration.
a - a scroll labeled COC ZAUKEUS
As you read the scroll labeled COC ZAUKEUS, it crumbles to dust.
You assume a fearsome visage.
Nothing appears to happen.
It was a scroll of fear.
The centaur shoots an arrow.
The arrow hits you!
* * * LOW HITPOINT WARNING * * *
The arrow burns you.
* * * LOW HITPOINT WARNING * * *
You take 17 damage, and have 11/46 hp.
MASSIVE DAMAGE!!
A worm comes into view.
The centaur unwields an uncursed shortbow of flaming.
It stops flaming.
The centaur hits you.
* * * LOW HITPOINT WARNING * * *
You take 3 damage, and have 8/46 hp.
It was a potion of degeneration.
There was something very wrong with that liquid.
You feel weakened.
You feel dopey.
You feel clumsy. The centaur misses you.
Unknown command.
You hit the centaur.
The centaur is moderately wounded.
The centaur hits you.
* * * LOW HITPOINT WARNING * * *
The centaur closely misses you. You furiously retaliate!
You headbutt the centaur, but do no damage.
You take 2 damage, and have 6/46 hp.
Okay, then.
You barely miss the centaur.
You headbutt the centaur, but do no damage.
The centaur is moderately wounded.
The centaur barely misses you. The centaur hits you!
You die...

..# #...<...
..##......
#..#w....
#....... #...#.#
#.....####.#
#.c........
######@(....#.
#....(........#
#.)#####.(......#
..........
%.....[.##.
#..........
...........#
............#
.l..$.......%


You could see a centaur and a worm.

Vanquished Creatures
  An orc priest (D:3)
  A worker ant (D:4)
  5 adders
  An ooze (D:2)
  4 dart slugs
  5 leopard geckos
  3 orcs
  7 giant cockroaches
  11 goblins
  8 hobgoblins
  3 jackals (D:3)
  4 quokkas
  3 ball pythons
  7 bats
  3 frilled lizards
  10 kobolds
  5 rats
81 creatures vanquished.

Notes
Turn   | Place    | Note
-------+----------+-------------------------------------------
     0 | D:1      | Monsterracer the Minotaur Fire Elementalist began the quest for the Orb.
     0 | D:1      | Reached XP level 1. HP: 14/14 MP: 1/1
    46 | D:1      | Reached skill level 1 in Fighting
   298 | D:1      | Reached skill level 1 in Polearms
   298 | D:1      | Reached XP level 2. HP: 23/23 MP: 3/3
   501 | D:1      | Reached skill level 2 in Fighting
   661 | D:1      | Reached XP level 3. HP: 25/30 MP: 4/4
  1158 | D:2      | Found a sacrificial altar of Ru.
  1235 | D:2      | Reached skill level 3 in Fighting
  1391 | D:2      | Reached XP level 4. HP: 38/38 MP: 5/5
  1527 | D:2      | Reached skill level 1 in Maces & Flails
  1592 | D:2      | Found a glowing silver altar of Zin.
  1592 | D:2      | Noticed an angel
  2370 | D:3      | Reached XP level 5. HP: 46/46 MP: 6/6
  2441 | D:2      | HP: 23/46 [orc/falchion (4)]
  2599 | D:3      | HP: 18/46 [orc priest/divine providence (8)]
  3205 | D:4      | Reached skill level 4 in Fighting
  3208 | D:4      | Noticed a centaur
  3213 | D:4      | HP: 17/46 [centaur/arrow (11)]
  3214 | D:4      | HP: 8/46 [centaur (3)]
  3217 | D:4      | Slain by a centaur

Skill      XL: |  1  2  3  4  5 |
---------------+----------------+-----
Fighting       | 1 2 3 4 |  4.0
Polearms       | 1 2 3 |  3.0
Maces & Flails | 2 3 |  3.4
Dodging        | |  2.1
Stealth        | |  1.5
Spellcasting   | |  1.3
Conjurations   | |  0.6
Fire Magic     | |  2.1

Action                   |  1- 3 |  4- 6 || total
-------------------------+-------+-------++-------
Melee: Spear             |   113 |    27 ||   140
       Unarmed           |     5 |       ||     5
       Headbutt          |    16 |    12 ||    28
       Flail             |       |    52 ||    52
 Cast: Flame Tongue      |       |     1 ||     1
  Use: Scroll            |       |     7 ||     7
       Potion            |       |     1 ||     1
  Eat: Chunk             |     2 |     3 ||     5
       Ration            |       |     1 ||     1
Armor: Robe              |     3 |       ||     3
       Ring mail         |    19 |    24 ||    43
Dodge: Dodged            |    55 |    50 ||   105

Vault maps used:
D:1:      minmay_arrival_doors, minmay_misc_feat_room
D:2:      zin_angel, nicolae_ru_path_of_blood
D:3:      serial_glass, glass_columns_a, glass_columns_c, chequers_big_river,
          st_stairs_13
D:4:      first_ration, ebering_ghost_rock_garden, makhleb_blood_cavern_becter
